 Seeded DCSS version 0.30-a0-553-g7fabdf1491 (webtiles) character file.

Game seed: 3901094715573708078 (custom seed)

662 hikkokomori the Trooper (level 7, -4/46 HPs)
             Began as a Gargoyle Monk on Dec 27, 2022.
             Was a Believer of Trog.
             Constricted to death by Ijyb (8 damage)
             ... on level 4 of the Dungeon.
             The game lasted 00:08:55 (3096 turns).

hikkokomori the Trooper (Gargoyle Monk)             Turns: 3096, Time: 00:08:56

Health: -4/46      AC: 10    Str: 14    XL:     7   Next: 56%
Magic:  0/7        EV: 11    Int: 26    God:    Trog [**....]
Gold:   242        SH:  0    Dex: 24    Spells: 6/6 levels left

rFire   + . .      SeeInvis .    a - +0 falchion
rCold   . . .      Faith    .    (no shield)
rNeg    + . .      Spirit   +    l - +0 robe of Anarchy {Fly Int+3 Dex+10}
rPois   ∞          Reflect  .    u - +0 helmet
rElec   +          Harm     .    p - +0 cloak
rCorr   +          Rampage  .    s - +0 pair of gloves
Will    .....                    z - +0 pair of boots
Stlth   +++                      m - amulet "Waxome" {Spirit rF+ rCorr}
HPRegen 0.27/turn                v - +6 ring of intelligence
MPRegen 0.10/turn                A - +6 ring of intelligence

@: grasped by roots, flying, constricted
A: sickness immunity, AC +4, negative energy resistance 1, electricity
resistance, torment resistance 1, petrification resistance
a: Renounce Religion, Berserk, Trog's Hand


You were on level 4 of the Dungeon.
You worshipped Trog.
Trog was pleased with you.
You visited 2 branches of the dungeon, and saw 5 of its levels.

You collected 242 gold pieces.

Inventory:

Hand Weapons
 a - a +0 falchion (weapon)
Armour
 b - a +0 robe
 l - the +0 robe of Anarchy (worn) {Fly Int+3 Dex+10}
   (You found it on level 2 of the Dungeon)

   Int:       It affects your intelligence (+3).
   Dex:       It affects your dexterity (+10).
   Fly:       It grants you flight.
 p - a +0 cloak (worn)
 s - a +0 pair of gloves (worn)
 u - a +0 helmet (worn)
 z - a +0 pair of boots (worn)
Jewellery
 g - a ring of ice
 m - the amulet "Waxome" (around neck) {Spirit rF+ rCorr}
   (You found it on level 2 of the Dungeon)

   [amulet of guardian spirit]

   It causes incoming damage to be divided between your reserves of health and
   magic.
   rF:        It protects you from fire.
   rCorr:     It protects you from acid and corrosion.
 v - a +6 ring of intelligence (left hand)
 A - a +6 ring of intelligence (right hand)
Wands
 B - a wand of roots (6)
Scrolls
 e - 3 scrolls of teleportation {unknown}
 f - a scroll of enchant weapon {unknown}
 h - 2 scrolls of fear {unknown}
 i - a scroll of enchant armour {unknown}
 j - 3 scrolls of immolation {unknown}
 o - a scroll of noise {unknown}
 r - 5 scrolls of identify {unknown}
 t - a scroll of magic mapping {unknown}
 y - 2 scrolls of fog {unknown}
Potions
 c - a potion of ambrosia
 d - 5 potions of curing {unknown}
 k - a potion of mutation {unknown}
 n - a potion of heal wounds {unknown}
 q - a potion of lignification {unknown}
 w - a potion of might
 x - 2 potions of degeneration {unknown}


   Skills:
 * Level 6.2 Fighting
 * Level 5.1 Long Blades
 + Level 3.4 Dodging
 + Level 4.0 Stealth


You had 6 spell levels left.
You didn't know any spells.
Your spell library contained the following spells:

 Spells                   Type           Power      Damage    Failure   Level
 Dazzling Flash           Conj/Hex       0%         N/A       36%         3
 Ignite Poison            Fire/Tmut/Pois 0%         N/A       36%         3
 Kindle Blastsparks       Fire/Tloc/Air  0%         2d10      36%         3
 Agony                    Necr           0%         N/A       98%         5
 Freezing Cloud           Conj/Ice/Air   0%         6-21      98%         5
 Silence                  Hex/Air        0%         N/A       98%         5
 Yara's Violent Unravell  Hex/Tmut       0%         3d3       98%         5
 Enfeeble                 Hex            0%         N/A       100%        7


Dungeon Overview and Level Annotations

Branches:
Dungeon (4/15)             Temple (1/1) D:4

Altars:
Ashenzari
Cheibriados
Dithmenos
Elyvilon
Fedhas
Hepliaklqana
Kikubaaqudgha
Makhleb
Nemelex Xobeh
Okawaru
Qazlal
Ru
Sif Muna
Trog
Uskayaw
Vehumet
Xom
Yredelemnul
Zin
The Shining One

Shops:
D:2 *

Annotations:
D:4 Ijyb


Innate Abilities, Weirdness & Mutations

You are immune to sickness and miasma.
Your stone body is resilient. (AC +4)
You are immune to poison.
You resist negative energy. (rN+)
You are resistant to electric shocks. (rElec)
You are resistant to unholy torment.
You are immune to petrification.


Message History

Ijyb is severely wounded.
Ijyb hits you with a +3 dagger of speed.
The grasping roots constrict you.
You hit Ijyb but do no damage.
Ijyb is severely wounded.
Ijyb hits you but does no damage. The grasping roots constrict you.
Ijyb hits you but does no damage. The grasping roots constrict you.
The grasping roots release their grip on you.
You are too injured to fight recklessly!
You are too injured to fight recklessly!
You are too injured to fight recklessly!
Unknown command.
You hit Ijyb.
Ijyb is severely wounded.
Ijyb barely misses you.
You hit Ijyb but do no damage.
Ijyb is severely wounded.
Ijyb closely misses you.
Ijyb hits you with a +3 dagger of speed.
You hit Ijyb.
Ijyb is almost dead.
Ijyb hits you with a +3 dagger of speed.
* * * LOW HITPOINT WARNING * * *
You closely miss Ijyb.
Ijyb is almost dead.
Ijyb hits you with a +3 dagger of speed.
* * * LOW HITPOINT WARNING * * *
Ijyb zaps a wand.
The roots erupt in riotous growth!
The grasping roots grab you!
Ijyb is unaffected.
The grasping roots constrict you.
* * * LOW HITPOINT WARNING * * *
Unknown command.
You hit Ijyb but do no damage.
Ijyb is almost dead.
Ijyb hits you but does no damage. The grasping roots constrict you.
* * * LOW HITPOINT WARNING * * *
You completely miss Ijyb.
Ijyb is almost dead.
Ijyb barely misses you. The grasping roots constrict you!
You die...

... ... ...$..
...... #...⌠..
####.......
###..g.......
###...@##8.....
#........##
#...#.....##
..###...
#...#.)....#
........ #.
#.......# #...... #
#.......### #.....
#..##.....# ###.....
####.....####.......
##.......#.....†....


You could see Ijyb.

Vanquished Creatures
  Pikel (D:4)
  A scorpion (D:4)
  A hound (D:4)
  Robin (D:3)
  3 adders (D:3)
  2 worms
  4 dart slugs
  2 orcs
  6 ball pythons
  6 endoplasms
  3 giant cockroaches
  11 goblins
  10 hobgoblins
  8 kobolds
  5 quokkas
  3 bats
  6 frilled lizards
  6 rats
79 creatures vanquished.

Notes
Turn   | Place    | Note
-------+----------+-------------------------------------------
     0 | D:1      | hikkokomori the Gargoyle Monk began the quest for the Orb.
     0 | D:1      | Reached XP level 1. HP: 14/14 MP: 1/1
    68 | D:1      | Reached XP level 2. HP: 10/19 MP: 2/2
   321 | D:1      | Reached XP level 3. HP: 22/24 MP: 3/3
   396 | D:1      | Reached skill level 4 in Fighting
   821 | D:2      | Found Achocij's General Store.
   848 | D:2      | Identified the +0 robe of Anarchy {Fly Int+3 Dex+10}
   917 | D:2      | Found a radiant altar of Vehumet.
   945 | D:2      | Identified the amulet "Waxome" {Spirit rF+ rCorr}
  1208 | D:2      | Reached XP level 4. HP: 29/29 MP: 4/4
  1762 | D:3      | Noticed Robin
  2155 | D:3      | Killed Robin
  2310 | D:3      | Reached XP level 5. HP: 31/34 MP: 3/5
  2453 | D:4      | Reached skill level 5 in Fighting
  2532 | D:4      | Found a staircase to the Ecumenical Temple.
  2538 | Temple   | Entered the Ecumenical Temple
  2704 | Temple   | Became a worshipper of Trog the Wrathful
  2704 | Temple   | Reached * piety under Trog
  2704 | Temple   | Reached ** piety under Trog
  2780 | D:4      | Noticed Pikel
  2780 | D:4      | Noticed a lemure
  2780 | D:4      | Noticed a lemure
  2783 | D:4      | Noticed a lemure
  2784 | D:4      | Noticed a lemure
  2820 | D:4      | Killed Pikel
  2821 | D:4      | Reached skill level 6 in Fighting
  2821 | D:4      | Reached skill level 5 in Long Blades
  2821 | D:4      | Reached XP level 6. HP: 18/41 MP: 2/6
  2821 | D:4      | Reached XP level 7. HP: 20/46 MP: 2/7
  3073 | D:4      | Noticed Ijyb
  3096 | D:4      | Constricted to death by Ijyb

Illustrated notes

Levels and vault maps discovered:
D:1:      lemuel_arrival_hallway, layout_rooms
D:2:      layout_basic, basic_altar, serial_shops, nicolae_shop_crystal,
          st_stairs_5
D:3:      layout_rooms, kennysheep_generic_room_3, uniq_robin
D:4:      layout_cave_pools, minmay_temple_entry_fiery, serial_column_ruins,
          column_ruins_square_medium, column_ruins_hut_ruined,
          column_ruins_grid_4, column_ruins_grid_3,
          column_ruins_corridor_corner, column_ruins_open_tiny,
          column_ruins_columns_corner, uniq_ijyb, uniq_pikel
Temple:   nicolae_temple_bog_church

Skill      XL: |  1  2  3  4  5 |
---------------+----------------+-----
Long Blades    | 3 5 |  5.1
Fighting       | 4 6 |  6.2
Stealth        | 4 |  4.0
Dodging        | 3 |  3.4

Action                   |  1- 3 |  4- 6 |  7- 9 || total
-------------------------+-------+-------+-------++-------
Melee: Falchion          |   119 |    93 |    26 ||   238
       Punch             |     3 |     2 |     1 ||     6
  Use: Potion            |       |     1 |       ||     1
 Stab: Sleeping          |     3 |     3 |     1 ||     7
Armor: Robe              |    39 |    51 |    10 ||   100
Dodge: Dodged            |    75 |    84 |    10 ||   169

Table legend: (Time is in decaauts)
 A = Elapsed time spent in this place.
 B = Non-inter-level travel time spent in this place.
 C = Inter-level travel time spent in this place.
 D = Time resting spent in this place.
 E = Time spent auto-exploring this place.
 F = Levels seen in this place.
 G = Mean time per level.
                   A        B        C        D        E       F      G
               +--------+--------+--------+--------+--------+-----+--------+
         Total |   3122 |   2785 |    337 |     98 |   1799 |   5 |  624.4 |
       Dungeon |   2946 |   2618 |    328 |     98 |   1798 |   4 |  736.5 |
        Temple |    175 |    166 |      9 |      0 |      1 |   1 |  175.0 |
               +--------+--------+--------+--------+--------+-----+--------+

Top non-repeatable levels by time:
     D:2: 1049 daAuts
     D:1: 783 daAuts
     D:3: 576 daAuts
     D:4: 537 daAuts
  Temple: 175 daAuts
